 Dungeon Crawl Stone Soup version 0.20-b1-24-gb21faa7 (webtiles) character file.

5091 Jawreze the Grappler (level 10, 0/71 (77) HPs)
             Began as a Ghoul Monk on May 25, 2017.
             Was a Follower of Uskayaw.
             Slain by an ogre
             ... wielding a +0 giant club
             ... summoned by an orc
              (19 damage)
             ... on level 8 of the Dungeon.
             The game lasted 01:03:37 (10181 turns).

Jawreze the Grappler (Ghoul Monk)                  Turns: 10181, Time: 01:03:38

HP:   0/71 (77)     AC:  8    Str: 16    XL:     10   Next: 57%
MP:   11/11         EV:  5    Int:  8    God:    Uskayaw [*.....]
Gold: 103           SH: 10    Dex: 11    Spells: 10/12 levels left

rFire    . . .     SeeInvis .     - Unarmed
rCold    + . .     Gourm    .   o - +0 shield
rNeg     + + +     Faith    .   r - +0 chain mail
rPois    ∞         Spirit   .   (no helmet)
rElec    .         Reflect  .   (no cloak)
rCorr    .         Harm     .   (no gloves)
MR       .....                  (no boots)
Stlth    ..........             (no amulet)
Regen    0.0/turn               l - ring of stealth
MPRegen  0.2/turn               (no ring)

@: rotting
A: rotting body, claws 1, carnivore 3, cold resistance 1, negative energy
resistance 3, inhibited regeneration, torment resistance, unbreathing
a: Stomp, Renounce Religion


You were on level 8 of the Dungeon.
You worshipped Uskayaw.
Uskayaw was noncommittal.
You were not hungry.

You visited 1 branch of the dungeon, and saw 8 of its levels.

You collected 409 gold pieces.
You spent 306 gold pieces at shops.

Inventory:

Armour
 o - a +0 shield (worn)
 r - a +0 chain mail (worn)
 A - a +0 leather armour
Jewellery
 i - an uncursed amulet of faith
 l - a ring of stealth (left claw)
 C - an uncursed ring of magical power {unknown}
 D - an uncursed amulet of harm {unknown}
 I - the ring of Apsaen {*Drain rF+ Slay+6 SInv Stlth+, unknown}
   (You found it on level 5 of the Dungeon)

   [ring of see invisible]

   It affects your accuracy and damage with ranged weapons and melee attacks
   (+6).
   It protects you from fire.
   It lets you see invisible.
   It causes draining when unequipped.
   It makes you more stealthy.
Wands
 h - a wand of polymorph (9/24)
 j - a wand of polymorph (7/24)
 k - a wand of flame (22/48)
 x - a wand of scattershot (0/9)
 E - a wand of random effects (15/48)
 M - a wand of random effects (23/48)
Scrolls
 a - a scroll of random uselessness {unknown}
 g - 2 scrolls of recharging
 n - 3 scrolls of fog {unknown}
 s - 5 scrolls of enchant armour
 t - 3 scrolls of teleportation {unknown}
 u - 2 scrolls of magic mapping {unknown}
 v - 2 scrolls of remove curse
 w - 3 scrolls of amnesia {unknown}
 y - 4 scrolls of blinking {unknown}
 G - a scroll of fear {unknown}
 K - a scroll of identify
Potions
 c - a potion of cancellation {unknown}
 d - a potion of degeneration {unknown}
 e - 3 potions of haste
 f - 4 potions of agility
 m - 2 potions of lignification {unknown}
 q - a potion of berserk rage {unknown}
 z - 2 potions of invisibility {unknown}
 B - 2 potions of ambrosia {unknown}
 H - a potion of flight {unknown}
 J - a potion of resistance {unknown}
Books
 F - a book of Callings

   Spells                             Type                      Level
   a - Summon Small Mammal            Summoning                    1
   b - Call Imp                       Summoning                    2
   c - Call Canine Familiar           Summoning                    3
   d - Summon Guardian Golem          Hexes/Summoning              3
   e - Summon Lightning Spire         Summoning/Air                4
   f - Summon Ice Beast               Ice/Summoning                4
 L - a book of Minor Magic

   Spells                             Type                      Level
   a - Magic Dart                     Conjuration                  1
   b - Blink                          Translocation                2
   c - Call Imp                       Summoning                    2
   d - Slow                           Hexes                        2
   e - Conjure Flame                  Conjuration/Fire             3
   f - Mephitic Cloud                 Conjuration/Poison/Air       3
Comestibles
 b - 2 meat rations
 p - a royal jelly


   Skills:
 - Level 3.2 Fighting
 - Level 2.6 Dodging
 - Level 2.1 Stealth
 + Level 7.0 Shields
 * Level 12.6 Unarmed Combat
 + Level 1.6 Spellcasting
 + Level 5.4 Summonings


You had 10 spell levels left.
You knew the following spells:

 Your Spells              Type           Power        Failure   Level  Hunger
a - Call Imp              Summ           #.......     98%         2    ###....


Dungeon Overview and Level Annotations

Branches:
Dungeon (8/15)             Temple (0/1) D:5
   Lair: D:8-11

Altars:
Ashenzari
Elyvilon
Fedhas
Gozag
Qazlal
Uskayaw
Yredelemnul

Shops:
D:7 *


Innate Abilities, Weirdness & Mutations

Your body is rotting away.
You thrive on raw meat.
You are immune to poison.
You have sharp fingernails.
You are carnivorous and can eat meat at any time.
Your flesh is cold resistant. (rC+)
You are immune to negative energy. (rN+++)
You do not regenerate when monsters are visible.
You are immune to unholy pain and torment.
You can survive without breathing.


Message History

The orc warrior is lightly wounded.
The orc hits you but does no damage.
You closely miss the orc warrior.
The orc warrior is lightly wounded.
The orc warrior hits you with a trident!!
The orc hits you but does no damage.
You are too injured to fight recklessly!
You are too injured to fight recklessly!
The orc warrior hits you with a trident!
* * * LOW HITPOINT WARNING * * *
Things that are here:
a tomahawk; a hound corpse You block the orc warrior's attack.
The orc throws a tomahawk.
You block the tomahawk.
You see here a tomahawk.
You see here a killer bee corpse.
The ogre dissolves into shadows!
There is a stone staircase leading up here.
The ogre hits you with a giant club!!
You die...

#.... #o# #........#
#... #†# #...##s#.#
#... #.# #.#.##.#.# #
#.# #.#....#.# #O#
#.#.##y#.# #.#
#.#.##5#.#
#.###.#.##.#.#
#.......##.#.#
##....O@.....#
#########.######.#.#
...............#.#.#
#########......#.###.#
##...#.......#
#####.#)##### #...#
#####


You could see an ogre.

Vanquished Creatures
  A two-headed ogre (D:8)
  Prince Ribbit (D:7)
  A hippogriff (D:7)
  Sigmund (D:3)
  Eustachio (D:4)
  Menkaure (D:7)
  Edmund (D:5)
  Duvessa (D:6)
  2 sky beasts
  2 ice beasts
  A black bear (D:7)
  A phantom (D:4)
  7 ogres
  A centaur (D:3)
  A big kobold (D:8)
  Blork the orc (D:6)
  6 bullfrogs
  Dowan (D:6)
  4 scorpions
  4 killer bees
  4 howler monkeys
  3 crimson imps
  A bullfrog skeleton (D:6)
  4 hounds
  A gnoll shaman (D:7)
  4 orc priests
  2 jellies (D:7)
  7 orc wizards
  A centaur skeleton (D:5)
  Ijyb (D:3)
  5 worker ants
  Terence (D:2)
  A hound zombie (D:7)
  A hound skeleton (D:6)
  8 gnolls
  5 adders
  An ooze (D:1)
  An adder zombie (D:8)
  2 worms
  A dart slug (D:2)
  6 leopard geckos
  23 orcs
  A ball python (D:5)
  8 bats
  6 giant cockroaches
  4 goblins
  7 hobgoblins
  11 jackals
  11 kobolds
  6 quokkas
  9 frilled lizards
  2 gnoll zombies (D:5)
  A leopard gecko zombie (D:7)
  7 rats
195 creatures vanquished.

Vanquished Creatures (others)
  A quokka (D:3)
1 creature vanquished.

Grand Total: 196 creatures vanquished

Notes
Turn   | Place    | Note
-------+----------+-------------------------------------------
     0 | D:1      | Jawreze the Ghoul Monk began the quest for the Orb.
     0 | D:1      | Reached XP level 1. HP: 19/19 MP: 0/0
   352 | D:1      | Reached XP level 2. HP: 25/26 MP: 1/1
   425 | D:1      | Reached skill level 4 in Unarmed Combat
   885 | D:1      | Reached XP level 3. HP: 29/31 MP: 2/2
  1588 | D:2      | Reached skill level 1 in Shields
  1592 | D:2      | Reached XP level 4. HP: 34/38 MP: 3/3
  1693 | D:2      | Reached skill level 5 in Unarmed Combat
  1758 | D:2      | Noticed Terence
  1853 | D:3      | Found an opulent altar of Gozag.
  1864 | D:3      | Found a white marble altar of Elyvilon.
  1864 | D:3      | Noticed Sigmund
  2016 | D:3      | Killed Sigmund
  2016 | D:3      | Reached skill level 6 in Unarmed Combat
  2016 | D:3      | Reached XP level 5. HP: 34/45 MP: 4/4
  2016 | D:3      | Reached XP level 6. HP: 39/51 MP: 5/5
  2723 | D:2      | Killed Terence
  2723 | D:2      | Reached skill level 7 in Unarmed Combat
  3025 | D:3      | Noticed Ijyb
  3042 | D:3      | Killed Ijyb
  3236 | D:3      | Found a hide-covered altar of Uskayaw.
  3243 | D:3      | Became a worshipper of Uskayaw the Reveler
  3243 | D:3      | Reached * piety under Uskayaw
  3405 | D:4      | Reached XP level 7. HP: 57/57 MP: 6/6
  3405 | D:4      | Reached ** piety under Uskayaw
  3427 | D:4      | Reached *** piety under Uskayaw
  3665 | D:4      | Noticed Eustachio
  3691 | D:4      | Killed Eustachio
  3691 | D:4      | Reached skill level 8 in Unarmed Combat
  4282 | D:4      | Found a stormy altar of Qazlal.
  4359 | D:5      | Entered Level 5 of the Dungeon
  4438 | D:5      | Reached XP level 8. HP: 60/62 MP: 7/7
  4522 | D:5      | Learned a level 2 spell: Call Imp
  4579 | D:5      | Reached skill level 9 in Unarmed Combat
  4579 | D:5      | Reached skill level 1 in Summonings
  4597 | D:5      | Found a staircase to the Ecumenical Temple.
  4632 | D:5      | Got a clouded copper ring
  4743 | D:5      | Noticed Edmund
  4779 | D:5      | Killed Edmund
  5280 | D:5      | Found a basalt altar of Yredelemnul.
  5459 | D:6      | Noticed Blork the orc
  5468 | D:6      | Killed Blork the orc
  5471 | D:6      | Reached **** piety under Uskayaw
  5557 | D:6      | Reached skill level 5 in Shields
  5594 | D:6      | Found a shattered altar of Ashenzari.
  5600 | D:6      | Reached skill level 10 in Unarmed Combat
  5644 | D:6      | Noticed Duvessa
  5648 | D:6      | Noticed Dowan
  5657 | D:6      | Reached XP level 9. HP: 53/70 MP: 8/8
  5889 | D:6      | Killed Dowan
  5920 | D:6      | Killed Duvessa
  6671 | D:7      | Noticed Prince Ribbit
  6683 | D:7      | Killed Prince Ribbit
  6683 | D:7      | Reached skill level 11 in Unarmed Combat
  6990 | D:7      | Noticed Menkaure
  7001 | D:7      | Killed Menkaure
  7659 | D:7      | Reached XP level 10. HP: 51/77 MP: 9/9
  7988 | D:7      | Found a blossoming altar of Fedhas.
  8171 | D:7      | Reached skill level 12 in Unarmed Combat
  8191 | D:7      | Found Payz's General Store.
  8199 | D:7      | Bought a potion of haste for 120 gold pieces
  8199 | D:7      | Bought a scroll of enchant armour for 90 gold pieces
  8199 | D:7      | Bought 2 potions of agility for 96 gold pieces
  8756 | D:8      | Reached skill level 5 in Summonings
  8892 | D:8      | Noticed a two-headed ogre
  9297 | D:8      | Reached skill level 1 in Spellcasting
  9479 | D:8      | Found an opulent altar of Gozag.
  9501 | D:8      | Killed a two-headed ogre
 10181 | D:8      | Slain by an ogre

Skill      XL: |  1  2  3  4  5  6  7  8  9 10 |
---------------+-------------------------------+-----
Unarmed Combat | 4 6 7 8 10 11 12 | 12.6
Shields        | 1 2 3 4 5 6 7 |  7.0
Summonings     | 2 4 5 |  5.4
Spellcasting   | 1 |  1.6
Fighting       | |  3.2
Dodging        | |  2.6
Stealth        | |  2.1

Action                   |  1- 3 |  4- 6 |  7- 9 | 10-12 || total
-------------------------+-------+-------+-------+-------++-------
Melee: Unarmed           |    98 |   102 |   411 |   185 ||   796
       Punch             |     1 |       |       |       ||     1
Throw: Throwing net      |       |       |     1 |       ||     1
Invok: Stomp             |       |       |     6 |       ||     6
       Line Pass         |       |       |     2 |     1 ||     3
Evoke: Wand              |       |       |     2 |       ||     2
  Use: Scroll            |       |     4 |     1 |       ||     5
       Potion            |       |     3 |     1 |     5 ||     9
 Stab: Sleeping          |     6 |     3 |     2 |       ||    11
       Distracted        |       |     1 |       |       ||     1
       Paralysed         |       |       |     5 |     4 ||     9
       Confused          |       |       |     2 |       ||     2
       Held in net/web   |       |       |     1 |       ||     1
  Eat: Chunk             |     5 |     3 |    16 |     8 ||    32
       Meat ration       |       |       |       |     1 ||     1
Armor: Robe              |    18 |     7 |     1 |       ||    26
       Leather armour    |       |       |     5 |       ||     5
       Chain mail        |       |       |   100 |    48 ||   148
Dodge: Dodged            |    40 |    37 |    68 |    26 ||   171
Block: Shield            |    16 |    37 |   130 |    70 ||   253
